 Dungeon Crawl Stone Soup version 0.31-a0-8-gd14b0f4ee2 (webtiles) character file.

Game seed: 4112952468874315751

6170 mistaj the Fighter (level 10, -5/60 HPs)
             Began as a Vine Stalker Fighter on May 6, 2023.
             Was an Elder of Cheibriados.
             Shot with an arrow by a centaur warrior (17 damage)
             ... on level 9 of the Dungeon.
             The game lasted 00:11:26 (6177 turns).

mistaj the Fighter (Vine Stalker Fighter)           Turns: 6177, Time: 00:11:27

Health: -5/60      AC: 17    Str: 32    XL:     10   Next: 91%
Magic:  0/11       EV:  8    Int: 20    God:    Cheibriados [****..]
Gold:   124        SH: 15    Dex: 23    Spells: 9/9 levels left

rFire   . . .        b - +4 war axe (venom)
rCold   . . .        x - +0 kite shield
rNeg    . . .        t - +0 chain mail
rPois   .            l - +0 helmet
rElec   .            (no cloak)
rCorr   .            (no gloves)
SInv    .            e - +2 pair of boots
Will    +....        u - amulet of reflection Stlth
                     j - +4 ring of protection
HPRegen 1.10/turn    (no ring)
MPRegen 0.12/turn

%: reflection, guardian spirit
@: very slow
A: fangs 3, regeneration 1, magic shield, antimagic bite, no potion heal 2
a: Renounce Religion, Bend Time, Temporal Distortion, Slouch


You were on level 9 of the Dungeon.
You worshipped Cheibriados.
Cheibriados was greatly pleased with you.
You visited 2 branches of the dungeon, and saw 10 of its levels.

You collected 284 gold pieces.
You spent 160 gold pieces at shops.

Inventory:

Hand Weapons
 b - a +4 war axe of venom (weapon)
 y - a +1 morningstar of protection
 A - a +3 battleaxe
Armour
 e - a +2 pair of boots (worn)
 l - a +0 helmet (worn)
 t - a +0 chain mail (worn)
 x - a +0 kite shield (worn)
Jewellery
 j - a +4 ring of protection (left hand)
 u - an amulet of reflection (around neck)
 w - a ring of ice
Wands
 a - a wand of charming (10)
 f - a wand of acid (19)
 n - a wand of digging (7)
 o - a wand of roots (14)
 s - a wand of flame (5)
Scrolls
 i - 2 scrolls of immolation
 m - 5 scrolls of teleportation
 p - a scroll of fog
 v - 3 scrolls of identify
 B - a scroll of magic mapping {unknown}
Potions
 c - a potion of berserk rage
 d - 2 potions of might
 g - 4 potions of flight
 h - 8 potions of curing
 k - 2 potions of mutation
 q - 2 potions of attraction
 r - 2 potions of lignification
 z - a potion of heal wounds {unknown}


   Skills:
 + Level 10.8 Fighting
 + Level 10.6 Axes
 - Level 2.4 Armour
 - Level 2.6 Shields


You had 9 spell levels left.
You didn't know any spells.
Your spell library contained the following spells:

 Spells                   Type           Power      Damage    Failure   Level
 Call Canine Familiar     Summ           0%         N/A       99%         3
 Gell's Gravitas          Tloc           0%         N/A       99%         3
 Portal Projectile        Hex/Tloc       0%         N/A       99%         3
 Teleport Other           Tloc           0%         N/A       99%         3
 Leda's Liquefaction      Hex/Erth       0%         N/A       100%        4
 Dispersal                Tloc           0%         N/A       100%        6


Dungeon Overview and Level Annotations

Branches:
Dungeon (9/15)             Temple (1/1) D:4
   Lair: D:8-11         Orc: D:9-12

Altars:
Ashenzari
Cheibriados
Dithmenos
Elyvilon
Fedhas
Gozag
Hepliaklqana
Kikubaaqudgha
Makhleb
Nemelex Xobeh
Okawaru
Qazlal
Ru
Sif Muna
Trog
Uskayaw
Vehumet
Wu Jian
Xom
Yredelemnul
Zin
The Shining One

Shops:
D:4 [   D:5 *   D:6 (?!?

Annotations:
D:2 Sigmund
D:3 3 runed translucent doors, jimonade's ghost, amateur FoMo
D:4 3 runed translucent doors, geeko55's ghost, amateur AtFi


Innate Abilities, Weirdness & Mutations

You have razor-sharp teeth.
Your natural rate of healing is unusually fast.
When hurt, damage is shared between your health and your magic reserves.
Your bite disrupts and absorbs the magic of your enemies.
Potions cannot restore your health.


Message History

You slice the vampire mosquito!!
You destroy the vampire mosquito!
Cheibriados thoroughly appreciates the change of pace.
The centaur warrior wields a +0 longbow.
The centaur warrior shoots an arrow.
The arrow hits you.
The boulder beetle leaps!
The centaur warrior shoots an arrow.
The arrow hits you!!
The centaur warrior wields a +0 shortbow.
The centaur warrior shoots an arrow.
The arrow hits you!!
A wyvern comes into view.
The centaur wields a +0 shortbow.
The centaur shoots an arrow.
You block the arrow with an invisible shield... and reflect it back!
The arrow completely misses the centaur.
The centaur warrior shoots an arrow.
The arrow hits you!
* * * LOW HITPOINT WARNING * * *
The cyan ugly thing closely misses you.
You are too injured to fight recklessly!
Unknown command.
You are too injured to fight recklessly!
Unknown command.
You are too injured to fight recklessly!
Unknown command.
You are too injured to fight recklessly!
Unknown command.
You are too injured to fight recklessly!
You are too injured to fight recklessly!
The cyan ugly thing attacks as you move away!
The cyan ugly thing gores you but does no damage. x2
The cyan ugly thing attacks as you move away!
The cyan ugly thing barely misses you.
The centaur warrior shoots an arrow.
The arrow hits you.
The centaur warrior shoots an arrow.
You block the arrow with an invisible shield... and reflect it back!
The arrow hits the centaur warrior!!
The centaur shoots an arrow.
The arrow hits you!
* * * LOW HITPOINT WARNING * * *
The centaur warrior shoots an arrow.
The arrow hits you.
* * * LOW HITPOINT WARNING * * *
The cyan ugly thing gores you but does no damage.
The centaur warrior shoots an arrow.
The arrow hits you!!
You die...

#....# #.##..#
#.##.#####.#...
#.#..........#### #####
#.##.............
#...###.#...........#
#.......#....)).....#...
#...#.#.......))........
#...#.#.#.######.##.#.##
#...#...#.# ##@##
#...##..#.# ##...#
##........####..u.#.#.#
..^..........cc........
...............########
###.#####.....c.)......
#.#<..#.######†...###
##.###)# .c..# #...##.#
..c.#


You could see a cyan ugly thing, 2 centaur warriors and a centaur.

Vanquished Creatures
  Pikel (D:9)
  Maggie (D:7)
  A troll (D:7)
  Grinder (D:3)
  9 yaks (D:8)
  2 wraiths (D:7)
  A vampire mosquito (D:9)
  An acid dragon (D:9)
  2 ice beasts
  A black bear (D:5)
  5 orc warriors
  A sky beast (D:6)
  An ogre (D:5)
  2 centaurs (D:7)
  A lemure (D:9)
  3 phantoms
  3 kobold brigands
  A bullfrog (D:7)
  2 gnoll sergeants
  2 scorpions
  10 wights
  7 orc priests
  3 hounds
  2 jellies
  5 iguanas
  A sleepcap (D:5)
  Natasha (twice) (D:3)
  3 orc wizards
  3 gnolls (D:8)
  Robin (D:3)
  5 adders
  A shadow imp (D:7)
  2 white imps
  2 ufetubi
  3 worms
  2 dart slugs (D:1)
  39 orcs
  3 endoplasms
  3 giant cockroaches
  15 goblins
  10 hobgoblins
  4 quokkas
  11 ball pythons
  5 bats
  5 frilled lizards
  17 kobolds
  5 rats
210 creatures vanquished.

Vanquished Creatures (others)
  A kobold brigand (D:7)
  A kobold (D:5)
2 creatures vanquished.

Grand Total: 212 creatures vanquished

Notes
Turn   | Place    | Note
-------+----------+-------------------------------------------
     0 | D:1      | mistaj the Vine Stalker Fighter began the quest for the
                  | Orb.
     0 | D:1      | Reached XP level 1. HP: 11/11 MP: 2/2
   150 | D:1      | Reached XP level 2. HP: 16/16 MP: 3/3
   624 | D:1      | Reached XP level 3. HP: 16/20 MP: 2/4
  1072 | D:2      | Gained mutation: Your natural rate of healing is unusually
                  | fast. [Vine Stalker growth]
  1072 | D:2      | Reached XP level 4. HP: 25/25 MP: 5/5
  1235 | D:2      | Noticed Sigmund
  1438 | D:3      | Noticed jimonade's ghost (amateur FoMo)
  1458 | D:3      | Found a runed translucent gate.
  1458 | D:3      | Found a runed translucent gate.
  1502 | D:3      | Noticed Robin
  1519 | D:3      | Killed Robin
  1675 | D:3      | Noticed Grinder
  1686 | D:3      | Killed Grinder
  1687 | D:3      | Reached XP level 5. HP: 27/30 MP: 4/6
  1687 | D:3      | Reached XP level 6. HP: 30/34 MP: 4/7
  1880 | D:3      | Noticed Natasha
  1891 | D:3      | Killed Natasha
  1892 | D:3      | Reached skill level 5 in Fighting
  2061 | D:3      | Found a runed translucent gate.
  2088 | D:3      | Noticed Natasha
  2095 | D:3      | Killed Natasha
  2266 | D:4      | Found Imys's Armour Shoppe.
  2270 | D:4      | Found a runed translucent gate.
  2271 | D:4      | Noticed geeko55's ghost (amateur AtFi)
  2274 | D:4      | Found a runed translucent gate.
  2276 | D:4      | Found a runed translucent gate.
  2400 | D:4      | Found a staircase to the Ecumenical Temple.
  2413 | Temple   | Entered the Ecumenical Temple
  2811 | Temple   | Became a worshipper of Cheibriados the Contemplative
  3119 | D:4      | Reached XP level 7. HP: 34/39 MP: 8/8
  3230 | D:5      | Entered Level 5 of the Dungeon
  3279 | D:5      | Reached skill level 5 in Axes
  3403 | D:5      | Reached * piety under Cheibriados
  3512 | D:5      | Found Ihoamib's General Store.
  3542 | D:5      | Bought a scroll of enchant weapon for 90 gold pieces
  3665 | D:5      | Gained mutation: You have razor-sharp teeth. [Vine Stalker
                  | growth]
  3665 | D:5      | Reached XP level 8. HP: 40/45 MP: 7/9
  3968 | D:6      | Found an opulent altar of Gozag.
  3979 | D:6      | Reached ** piety under Cheibriados
  4159 | D:6      | Found Rokaculot's Weapon Shop.
  4230 | D:6      | Found Quewean's Magic Scroll Boutique.
  4244 | D:6      | Bought a scroll of identify for 28 gold pieces
  4290 | D:6      | Found Manema's Distillery.
  4323 | D:6      | Found Goehetob's Magic Scroll Emporium.
  4331 | D:6      | Bought a scroll of teleportation for 42 gold pieces
  4566 | D:7      | Noticed Maggie
  4579 | D:7      | Killed Maggie
  4580 | D:7      | Reached XP level 9. HP: 10/51 MP: 10/10
  5222 | D:7      | Noticed a troll
  5229 | D:7      | Reached *** piety under Cheibriados
  5236 | D:7      | Killed a troll
  5397 | D:8      | Reached XP level 10. HP: 44/58 MP: 6/11
  5475 | D:8      | Reached skill level 10 in Fighting
  5623 | D:8      | Reached skill level 10 in Axes
  5832 | D:8      | Reached **** piety under Cheibriados
  6091 | D:9      | Noticed Pikel
  6108 | D:9      | Killed Pikel
  6167 | D:9      | Noticed a centaur warrior
  6169 | D:9      | Noticed a centaur warrior
  6169 | D:9      | Noticed a cyan ugly thing
  6170 | D:9      | Noticed a boulder beetle
  6177 | D:9      | Shot with an arrow by a centaur warrior

Illustrated notes

Levels and vault maps discovered:
D:1:      minmay_arrival_stair_chambers, layout_rooms, hangedman_decor_opposing,
          minmay_cut_off
D:2:      layout_rooms, uniq_sigmund
D:3:      layout_loops_ring, gammafunk_ghost_split, minivault_25, uniq_grinder,
          uniq_robin, uniq_natasha
D:4:      layout_basic, minmay_temple_entry_tees, serial_shops, shop,
          ebering_ghost_rock_garden, wad_rectangle_vault
D:5:      layout_basic, serial_shops,
          nicolae_shop_temple_entry_statues_fountains, grunt_ministairs_14,
          chequers_serial_rivers_marsh
D:6:      layout_rooms, mainiacjoe_overflow_surrounded_room, serial_shops, shop,
          shop, nicolae_shop_stone, shop
D:7:      minmay_chambers_of_sevens, layout_loops_ring, uniq_maggie
D:8:      layout_loops_ring
D:9:      minmay_cut_squares, layout_basic, dpeg_oklobed_lair, uniq_pikel
Temple:   mainiacjoe_temple_trianglar_array

Skill      XL: |  1  2  3  4  5  6  7  8  9 10 |
---------------+-------------------------------+-----
Axes           | 2 3 4 5 7 9 10 | 10.6
Fighting       | 3 4 5 6 8 9 10 | 10.8
Armour         | |  2.4
Shields        | |  2.6

Action                     |  1- 3 |  4- 6 |  7- 9 | 10-12 || total
---------------------------+-------+-------+-------+-------++-------
  Melee: War axe           |    88 |   102 |   184 |   100 ||   474
         Bite              |    12 |    23 |    61 |    29 ||   125
    Use: Scroll            |       |       |    13 |     1 ||    14
 Armour: Scale mail        |    44 |    45 |       |       ||    89
         Chain mail        |       |     9 |    97 |    26 ||   132
  Dodge: Dodged            |    43 |    47 |    48 |    14 ||   152
  Block: Buckler           |    21 |    22 |    69 |       ||   112
         Reflection        |       |       |     8 |     2 ||    10
         Kite shield       |       |       |    44 |    66 ||   110

Table legend: (Time is in decaauts)
 A = Elapsed time spent in this place.
 B = Non-inter-level travel time spent in this place.
 C = Inter-level travel time spent in this place.
 D = Time resting spent in this place.
 E = Time spent auto-exploring this place.
 F = Levels seen in this place.
 G = Mean time per level.
                   A        B        C        D        E       F      G
               +--------+--------+--------+--------+--------+-----+--------+
         Total |   7613 |   7254 |    359 |    514 |   5061 |  10 |  761.3 |
       Dungeon |   7170 |   6842 |    328 |    514 |   4723 |   9 |  796.7 |
        Temple |    443 |    413 |     30 |      0 |    338 |   1 |  443.0 |
               +--------+--------+--------+--------+--------+-----+--------+

Top non-repeatable levels by time:
     D:7: 1232 daAuts
     D:8: 1070 daAuts
     D:5: 985 daAuts
     D:1: 886 daAuts
     D:3: 792 daAuts
     D:6: 765 daAuts
     D:4: 698 daAuts
     D:2: 579 daAuts
  Temple: 443 daAuts
     D:9: 159 daAuts
